CAROLINA Hurricanes vs ANAHEIM Ducks

Created - 16 février 2024 at 16:34

Goals
1 2 3 T
CAROLINA Hurricanes 1 1 1 3
ANAHEIM Ducks 0 0 0 0
Shots
1 2 3 T
CAROLINA Hurricanes 8 3 14 25
ANAHEIM Ducks 5 11 6 22

1st period

1. CAROLINA Hurricanes , Nazem Kadri 1 (Devon Toews 3, Kris Letang 2) at 18:31

Penalties :
Mark Giordano (ANA) for High sticking (Minor) at 2:30

2nd period

2. CAROLINA Hurricanes , Elias Pettersson 2 (Mika Zibanejad 1, William Nylander 1) at 7:58

Penalties :
Brett Pesce (ANA) for Interference (Minor) at 3:55

3rd period

3. CAROLINA Hurricanes , Brady Tkachuk 1 (Mika Zibanejad 2, Adam Fox 2) at 1:44 (PP)

Penalties :
Brett Pesce (ANA) for Tripping (Minor) at 0:36, Nazem Kadri (CAR) for Interference (Minor) at 5:07

Goalie Stats

Alexandar Georgiev (CAR), 22 saves from 22 shots - (1,000), W, 2-0-1, 60:00 minutes
Philipp Grubauer (ANA), 10 saves from 13 shots - (0,769), L, 0-2-0, 41:44 minutes
Brian Elliott (ANA), 12 saves from 12 shots - (1,000), 18:16 minutes

Players Stats for CAROLINA Hurricanes

Player Name              G  A  P  +/- PIM S  H  SB GA TA FO     MP     PP MP  PK MP  
------------------------------------------------------------------------------------
Adam Fox                 0  1  1   0  0   1  0  1  0  0  0/0    24:20   2:09   0:54 
Blake Lizotte            0  0  0   0  0   1  1  0  0  0  9/13   11:53   0:00   0:00 
Brady Tkachuk            1  0  1   1  0   2  2  0  0  0  0/0    19:19   2:02   1:30 
Brandon Montour          0  0  0   0  0   0  1  1  0  0  0/0    24:20   2:09   0:54 
David Perron             0  0  0   0  0   2  1  0  0  0  2/4    15:23   3:04   0:26 
Derek Ryan               0  0  0   0  0   0  0  0  0  0  4/6     6:24   0:00   0:03 
Devon Toews              0  1  1   2  0   2  1  0  0  0  0/0    21:07   2:57   1:05 
Elias Pettersson         1  0  1   1  0   3  3  0  0  0  1/5    22:13   2:53   0:26 
Evgeny Svechnikov        0  0  0   0  0   0  0  0  0  0  1/1     7:24   1:03   0:00 
Filip Forsberg           0  0  0   0  0   0  0  0  0  0  1/1    11:56   0:00   0:03 
Kris Letang              0  1  1   2  0   1  0  2  0  0  0/0    21:07   2:57   1:05 
Mika Zibanejad           0  2  2   1  0   4  1  0  0  0  14/26  22:26   2:02   1:30 
Nazem Kadri              1  0  1   1  2   3  0  0  0  0  8/17   15:57   0:11   0:00 
Niko Mikkola             0  0  0   0  0   0  0  1  0  0  0/0    14:33   0:00   0:00 
Noah Cates               0  0  0   0  0   1  0  1  0  0  0/0     6:21   0:00   0:00 
Rasmus Ristolainen       0  0  0   0  0   0  1  0  0  0  0/0    14:33   0:00   0:00 
Travis Konecny           0  0  0   1  0   2  2  0  0  0  0/0    17:48   2:01   0:00 
William Nylander         0  1  1   1  0   3  0  0  0  0  1/3    20:56   2:02   0:00 

Players Stats for ANAHEIM Ducks

Player Name              G  A  P  +/- PIM S  H  SB GA TA FO     MP     PP MP  PK MP  
------------------------------------------------------------------------------------
Brayden Point            0  0  0   0  0   4  2  0  0  0  7/19   19:18   0:58   0:00 
Brett Pesce              0  0  0   0  4   0  0  0  0  0  0/0    19:40   1:01   1:09 
Chandler Stephenson      0  0  0  -1  0   2  1  0  0  0  14/24  21:00   0:58   1:37 
David Kampf              0  0  0   0  0   2  1  0  0  0  0/0    18:20   0:00   0:00 
Derick Brassard          0  0  0  -1  0   1  1  0  0  0  0/0     5:52   0:00   0:00 
Elias Lindholm           0  0  0  -1  0   2  0  0  0  0  0/2    21:00   0:58   1:37 
Jeff Carter              0  0  0   0  0   0  2  0  0  0  4/13   11:51   1:01   0:32 
Joel Farabee             0  0  0   0  0   1  1  0  0  0  1/1    10:18   0:00   0:00 
Justin Holl              0  0  0  -1  0   1  2  4  0  0  0/0    15:55   0:00   0:20 
MacKenzie Weegar         0  0  0   0  0   1  6  0  0  0  0/0    22:00   0:58   3:30 
Mark Giordano            0  0  0  -1  2   0  1  1  0  0  0/0    22:24   1:01   1:36 
Nathan MacKinnon         0  0  0  -1  0   2  1  0  0  0  0/0    22:29   1:01   3:03 
Nic Dowd                 0  0  0  -1  0   1  1  0  0  0  8/14   10:16   1:01   3:23 
Nick Paul                0  0  0   0  0   3  0  0  0  0  0/2    18:20   0:00   0:00 
Patrick Maroon           0  0  0  -1  0   0  2  0  0  0  0/0     5:52   0:00   0:00 
Ryan Lindgren            0  0  0  -1  0   0  1  0  0  0  0/0    15:35   0:00   0:00 
Seth Jones               0  0  0  -1  0   2  2  0  0  0  0/0    24:23   0:58   3:37 
Warren Foegele           0  0  0   0  0   0  0  0  0  0  1/1    10:18   0:00   0:00 

3 Stars

1 - Alexandar Georgiev (CAR)
2 - Elias Pettersson (CAR)
3 - Brady Tkachuk (CAR)

Power Play

CAROLINA Hurricanes - 1 on 3 Attempt(s) - 33,33%
ANAHEIM Ducks - 0 on 1 Attempt(s) - 0,00%

Penalty Kill

CAROLINA Hurricanes - 1 on 1 Attempt(s) - 100,00% - Score 0 goal in Penalty Kill
ANAHEIM Ducks - 2 on 3 Attempt(s) - 66,67% - Score 0 goal in Penalty Kill

Team Stat

CAROLINA Hurricanes - Hits : 13 - Faceoff Wins : 41 - Blocked Shots : 6 - Penalty Minutes : 2
ANAHEIM Ducks - Hits : 24 - Faceoff Wins : 35 - Blocked Shots : 5 - Penalty Minutes : 6

Official

Referees : Dan O'Rourke and Wes McCauley
Linesman : Diana Mokhova and Andrew Smith

Game Notes

Brian Elliott enters game at 1:44 of 3rd period

Finance

Level 1 -- Attendance: 4710 (78,50%) -- Ticket Income $471,000
Level 2 -- Attendance: 4472 (89,44%) -- Ticket Income $268,320
Level 3 -- Attendance: 1968 (98,40%) -- Ticket Income $68,880
Level 4 -- Attendance: 3888 (97,20%) -- Ticket Income $77,760
Luxury Box -- Attendance: 852 (85,20%) -- Ticket Income $170,400
Game was played at the Honda Center.
Total Attendance: 15890 (88,28%)
Total Ticket Income: $1,056,360
Other Income: $264,090
Total Income: $1,320,450

CAROLINA Hurricanes

5 vs 5 Forward 
   Center                   Left Wing                Right Wing               Time % Phy DF OF 
 1 Mika Zibanejad           Elias Pettersson         William Nylander         40     1   2  2  
 2 Nazem Kadri              Brady Tkachuk            Travis Konecny           30     1   2  2  
 3 Blake Lizotte            Filip Forsberg           David Perron             20     1   2  2  
 4 Derek Ryan               Noah Cates               Evgeny Svechnikov        10     1   2  2  

5 vs 5 Defense 
   Defense                  Defense                                           Time % Phy DF OF 
 1 Adam Fox                 Brandon Montour                                   40     1   2  2  
 2 Kris Letang              Devon Toews                                       30     1   2  2  
 3 Rasmus Ristolainen       Niko Mikkola                                      20     1   2  2  
 4 Adam Fox                 Brandon Montour                                   10     1   2  2  

PowerPlay Forward 
   Center                   Left Wing                Right Wing               Time % Phy DF OF 
 1 Mika Zibanejad           Brady Tkachuk            William Nylander         60     1   2  2  
 2 Elias Pettersson         David Perron             Travis Konecny           40     1   2  2  

PowerPlay Defense
   Defense                  Defense                                           Time % Phy DF OF 
 1 Adam Fox                 Brandon Montour                                   60     1   2  2  
 2 Kris Letang              Devon Toews                                       40     1   2  2  

Penalty Kill 4 Players Forward 
   Center                   Wing                     Time % Phy DF OF 
 1 Mika Zibanejad           Brady Tkachuk            60     1   2  2  
 2 Elias Pettersson         David Perron             40     1   2  2  

Penalty Kill 4 Players Defense
   Defense                  Defense                  Time % Phy DF OF 
 1 Adam Fox                 Brandon Montour          60     1   2  2  
 2 Kris Letang              Devon Toews              40     1   2  2  

Penalty Kill - 3 Players Forward 
   Forward                                           Time % Phy DF OF 
 1 Mika Zibanejad                                    60     1   2  2  
 2 Elias Pettersson                                  40     1   2  2  

Penalty Kill - 3 Players Defense
   Defense                  Defense                  Time % Phy DF OF 
 1 Adam Fox                 Brandon Montour          60     1   2  2  
 2 Kris Letang              Devon Toews              40     1   2  2  

4 vs 4 Forward 
   Center                   Wing                     Time % Phy DF OF 
 1 Mika Zibanejad           Brady Tkachuk            60     1   2  2  
 2 Elias Pettersson         David Perron             40     1   2  2  

4 vs 4 Defense
   Defense                  Defense                  Time % Phy DF OF 
 1 Adam Fox                 Brandon Montour          60     1   2  2  
 2 Kris Letang              Devon Toews              40     1   2  2  

Last Minutes Offensive
   Center                   Left Wing                Right Wing               Defense                  Defense                  
   Mika Zibanejad           Brady Tkachuk            William Nylander         Adam Fox                 Brandon Montour          

Last Minutes Defensive
   Center                   Left Wing                Right Wing               Defense                  Defense                  
   Mika Zibanejad           Brady Tkachuk            William Nylander         Adam Fox                 Brandon Montour          

Goaltenders
Starting : Alexandar Georgiev       
Backup : Alex Lyon                

Extra Forwards
Normal : Nazem Kadri, David Perron, Travis Konecny - PP : Nazem Kadri, David Perron - PK : Nazem Kadri
Extra Defensemen
Normal : Devon Toews, Rasmus Ristolainen, Niko Mikkola - PP : Devon Toews - PK : Devon Toews, Rasmus Ristolainen
Penalty Shots
Mika Zibanejad, Elias Pettersson, William Nylander, Brady Tkachuk, Nazem Kadri

Scratches
None

ANAHEIM Ducks

5 vs 5 Forward 
   Center                   Left Wing                Right Wing               Time % Phy DF OF 
 1 Chandler Stephenson      Nathan MacKinnon         Elias Lindholm           35     1   2  2  
 2 Brayden Point            Nick Paul                David Kampf              35     1   2  2  
 3 Jeff Carter              Joel Farabee             Warren Foegele           20     1   2  2  
 4 Nic Dowd                 Derick Brassard          Patrick Maroon           10     1   3  1  

5 vs 5 Defense 
   Defense                  Defense                                           Time % Phy DF OF 
 1 Seth Jones               Mark Giordano                                     40     1   2  2  
 2 MacKenzie Weegar         Brett Pesce                                       35     1   2  2  
 3 Ryan Lindgren            Justin Holl                                       20     2   2  1  
 4 Seth Jones               Mark Giordano                                     5      2   2  1  

PowerPlay Forward 
   Center                   Left Wing                Right Wing               Time % Phy DF OF 
 1 Nic Dowd                 Nathan MacKinnon         Jeff Carter              60     1   1  3  
 2 Chandler Stephenson      Elias Lindholm           Brayden Point            40     1   1  3  

PowerPlay Defense
   Defense                  Defense                                           Time % Phy DF OF 
 1 Seth Jones               MacKenzie Weegar                                  60     1   1  3  
 2 Mark Giordano            Brett Pesce                                       40     1   1  3  

Penalty Kill 4 Players Forward 
   Center                   Wing                     Time % Phy DF OF 
 1 Nic Dowd                 Nathan MacKinnon         60     1   3  1  
 2 Chandler Stephenson      Elias Lindholm           40     1   3  1  

Penalty Kill 4 Players Defense
   Defense                  Defense                  Time % Phy DF OF 
 1 MacKenzie Weegar         Brett Pesce              60     1   3  1  
 2 Seth Jones               Mark Giordano            40     1   3  1  

Penalty Kill - 3 Players Forward 
   Forward                                           Time % Phy DF OF 
 1 Nic Dowd                                          60     1   4  0  
 2 Chandler Stephenson                               40     1   4  0  

Penalty Kill - 3 Players Defense
   Defense                  Defense                  Time % Phy DF OF 
 1 MacKenzie Weegar         Brett Pesce              60     1   4  0  
 2 Seth Jones               Mark Giordano            40     1   4  0  

4 vs 4 Forward 
   Center                   Wing                     Time % Phy DF OF 
 1 Chandler Stephenson      Nic Dowd                 60     1   2  2  
 2 Jeff Carter              Nathan MacKinnon         40     1   2  2  

4 vs 4 Defense
   Defense                  Defense                  Time % Phy DF OF 
 1 Seth Jones               Mark Giordano            60     1   2  2  
 2 MacKenzie Weegar         Brett Pesce              40     1   2  2  

Last Minutes Offensive
   Center                   Left Wing                Right Wing               Defense                  Defense                  
   Nathan MacKinnon         Elias Lindholm           Brayden Point            Seth Jones               Mark Giordano            

Last Minutes Defensive
   Center                   Left Wing                Right Wing               Defense                  Defense                  
   Nic Dowd                 Chandler Stephenson      Nathan MacKinnon         MacKenzie Weegar         Brett Pesce              

Goaltenders
Starting : Philipp Grubauer         
Backup : Brian Elliott            

Extra Forwards
Normal : Chandler Stephenson, Nic Dowd, Jeff Carter - PP : Chandler Stephenson, Brayden Point - PK : Jeff Carter
Extra Defensemen
Normal : Ryan Lindgren, Seth Jones, MacKenzie Weegar - PP : Ryan Lindgren - PK : Seth Jones, MacKenzie Weegar
Penalty Shots
Chandler Stephenson, Nic Dowd, Brayden Point, Jeff Carter, Nick Paul

Scratches
None


% Time on Ice - CAROLINA Hurricanes

Lines # - Real PCT - Wanted PCT - Time Play
Normal Forward
1 - 36% - 40% - 18:54
2 - 30% - 30% - 15:47
3 - 22% - 20% - 11:53
4 - 12% - 10% - 6:21
Normal Defense
1 - 37% - 40% - 19:23
2 - 32% - 30% - 17:05
3 - 27% - 20% - 14:33
4 - 4% - 10% - 1:54
PP Forward
1 - 40% - 60% - 2:02
2 - 60% - 40% - 3:04
PP Defense
1 - 42% - 60% - 2:09
2 - 58% - 40% - 2:57
PK Forward
1 - 78% - 60% - 1:33
2 - 22% - 40% - 0:26
PK Defense
1 - 45% - 60% - 0:54
2 - 55% - 40% - 1:05
PK3 Forward
1 - 0% - 60%
2 - 0% - 40%
PK3 Defense
1 - 0% - 60%
2 - 0% - 40%
44 Forward
1 - 0% - 60%
2 - 0% - 40%
44 Defense
1 - 0% - 60%
2 - 0% - 40%
Last Minute Offensive  - 0:00
Last Minute Defensive  - 0:00
Total
Forward - 60:00
Defense - 60:00

% Time on Ice - ANAHEIM Ducks

Lines # - Real PCT - Wanted PCT - Time Play
Normal Forward
1 - 35% - 35% - 18:25
2 - 35% - 35% - 18:20
3 - 19% - 20% - 10:18
4 - 11% - 10% - 5:52
Normal Defense
1 - 37% - 40% - 19:48
2 - 33% - 35% - 17:32
3 - 29% - 20% - 15:35
4 - 0% - 5% - 0:00
PP Forward
1 - 51% - 60% - 1:01
2 - 49% - 40% - 0:58
PP Defense
1 - 49% - 60% - 0:58
2 - 51% - 40% - 1:01
PK Forward
1 - 68% - 60% - 3:29
2 - 32% - 40% - 1:37
PK Defense
1 - 69% - 60% - 3:32
2 - 31% - 40% - 1:34
PK3 Forward
1 - 0% - 60%
2 - 0% - 40%
PK3 Defense
1 - 0% - 60%
2 - 0% - 40%
44 Forward
1 - 0% - 60%
2 - 0% - 40%
44 Defense
1 - 0% - 60%
2 - 0% - 40%
Last Minute Offensive  - 0:00
Last Minute Defensive  - 0:00
Total
Forward - 60:00
Defense - 60:00

Play-by-Play

1st period


0:01 of 1st period - Mika Zibanejad wins face-off versus Chandler Stephenson in neutral zone.
0:07 of 1st period - William Nylander is hit by Seth Jones and loses puck.
0:12 of 1st period - Shot by Mika Zibanejad.
0:12 of 1st period - Stopped by Philipp Grubauer without a rebound.
0:13 of 1st period - Nazem Kadri wins face-off versus Brayden Point in ANAHEIM Ducks zone.
0:51 of 1st period - Icing by Devon Toews.
0:52 of 1st period - Nazem Kadri wins face-off versus Jeff Carter in CAROLINA Hurricanes zone.
1:06 of 1st period - Travis Konecny is hit by Justin Holl and loses puck.
1:50 of 1st period - Icing by Nathan MacKinnon.
1:51 of 1st period - Chandler Stephenson wins face-off versus Mika Zibanejad in ANAHEIM Ducks zone.
2:06 of 1st period - Shot by Nathan MacKinnon.
2:06 of 1st period - Shot Misses the Net.
2:14 of 1st period - Shot by Nathan MacKinnon.
2:14 of 1st period - Shot Misses the Net.
2:24 of 1st period - William Nylander is hit by Seth Jones and loses puck.
2:30 of 1st period - Minor Penalty to Mark Giordano for High sticking.
2:31 of 1st period - Elias Pettersson wins face-off versus Nic Dowd in ANAHEIM Ducks zone.
2:33 of 1st period - David Perron is hit by MacKenzie Weegar and loses puck.
2:50 of 1st period - Icing by Travis Konecny.
2:51 of 1st period - Nic Dowd wins face-off versus Elias Pettersson in CAROLINA Hurricanes zone.
3:16 of 1st period - MacKenzie Weegar is hit by Brady Tkachuk and loses puck.
3:29 of 1st period - Shot by Kris Letang.
3:29 of 1st period - Shot Misses the Net.
3:31 of 1st period - Shot by Kris Letang.
3:31 of 1st period - Stopped by Philipp Grubauer without a rebound.
3:32 of 1st period - Mika Zibanejad wins face-off versus Chandler Stephenson in ANAHEIM Ducks zone.
3:55 of 1st period - Off-side.
3:56 of 1st period - Chandler Stephenson wins face-off versus Elias Pettersson in neutral zone.
4:23 of 1st period - Shot by Devon Toews.
4:23 of 1st period - Stopped by Philipp Grubauer without a rebound.
4:24 of 1st period - Mika Zibanejad wins face-off versus Nic Dowd in ANAHEIM Ducks zone.
4:33 of 1st period - Shot by Noah Cates.
4:33 of 1st period - Shot Misses the Net.
5:22 of 1st period - Off-side.
5:23 of 1st period - Nic Dowd wins face-off versus Mika Zibanejad in neutral zone.
5:40 of 1st period - Adam Fox is hit by Patrick Maroon and loses puck.
5:48 of 1st period - Adam Fox is hit by Derick Brassard and loses puck.
6:00 of 1st period - Elias Pettersson is hit by MacKenzie Weegar.
6:08 of 1st period - Elias Pettersson is hit by Nic Dowd and loses puck.
7:36 of 1st period - Shot by Brady Tkachuk.
7:36 of 1st period - Stopped by Philipp Grubauer without a rebound.
7:37 of 1st period - Evgeny Svechnikov wins face-off versus Brayden Point in ANAHEIM Ducks zone.
7:40 of 1st period - Shot by Derek Ryan.
7:40 of 1st period - Shot Blocked by Justin Holl.
7:48 of 1st period - Shot by Ryan Lindgren.
7:48 of 1st period - Shot Misses the Net.
7:54 of 1st period - Shot by Brayden Point.
7:54 of 1st period - Stopped by Alexandar Georgiev without a rebound.
7:55 of 1st period - Nazem Kadri wins face-off versus Jeff Carter in CAROLINA Hurricanes zone.
9:17 of 1st period - Elias Pettersson is hit by Brayden Point and loses puck.
9:41 of 1st period - Mika Zibanejad is hit by Mark Giordano and loses puck.
9:47 of 1st period - Off-side.
9:48 of 1st period - Nic Dowd wins face-off versus Blake Lizotte in neutral zone.
10:00 of 1st period - Shot by Mark Giordano.
10:00 of 1st period - Shot Misses the Net.
10:02 of 1st period - Shot by Patrick Maroon.
10:02 of 1st period - Deflect By Nic Dowd.
10:02 of 1st period - Stopped by Alexandar Georgiev without a rebound.
10:03 of 1st period - Chandler Stephenson wins face-off versus Nazem Kadri in CAROLINA Hurricanes zone.
10:13 of 1st period - Icing by Adam Fox.
10:14 of 1st period - Joel Farabee wins face-off versus Nazem Kadri in CAROLINA Hurricanes zone.
10:14 of 1st period - Mark Giordano is hit by Brandon Montour and loses puck.
10:25 of 1st period - Shot by Travis Konecny.
10:25 of 1st period - Stopped by Philipp Grubauer with a rebound.
11:54 of 1st period - Shot by Nathan MacKinnon.
11:54 of 1st period - Shot Blocked by Kris Letang.
12:47 of 1st period - Shot by Elias Pettersson.
12:47 of 1st period - Stopped by Philipp Grubauer without a rebound.
12:48 of 1st period - Nic Dowd wins face-off versus Nazem Kadri in ANAHEIM Ducks zone.
12:53 of 1st period - Brady Tkachuk is hit by Patrick Maroon and loses puck.
12:59 of 1st period - Off-side.
13:00 of 1st period - Mika Zibanejad wins face-off versus Jeff Carter in neutral zone.
13:05 of 1st period - Shot by Elias Pettersson.
13:05 of 1st period - Shot Misses the Net.
13:09 of 1st period - Shot by Elias Pettersson.
13:09 of 1st period - Shot Misses the Net.
13:59 of 1st period - Off-side.
14:00 of 1st period - Brayden Point wins face-off versus Derek Ryan in neutral zone.
14:11 of 1st period - Icing by Brayden Point.
14:12 of 1st period - Brayden Point wins face-off versus Nazem Kadri in ANAHEIM Ducks zone.
14:12 of 1st period - Brayden Point is hit by Travis Konecny.
14:39 of 1st period - Shot by Nazem Kadri.
14:39 of 1st period - Stopped by Philipp Grubauer without a rebound.
14:40 of 1st period - Chandler Stephenson wins face-off versus Mika Zibanejad in ANAHEIM Ducks zone.
15:14 of 1st period - Off-side.
15:15 of 1st period - Blake Lizotte wins face-off versus Brayden Point in neutral zone.
15:21 of 1st period - Icing by Seth Jones.
15:22 of 1st period - Brayden Point wins face-off versus Blake Lizotte in ANAHEIM Ducks zone.
15:35 of 1st period - Shot by David Kampf.
15:35 of 1st period - Stopped by Alexandar Georgiev without a rebound.
15:36 of 1st period - Chandler Stephenson wins face-off versus Mika Zibanejad in CAROLINA Hurricanes zone.
15:39 of 1st period - Shot by Nathan MacKinnon.
15:39 of 1st period - Stopped by Alexandar Georgiev with a rebound.
15:51 of 1st period - Shot by Brett Pesce.
15:51 of 1st period - Shot Blocked by Adam Fox.
16:58 of 1st period - David Kampf is hit by Rasmus Ristolainen and loses puck.
17:05 of 1st period - Nick Paul is hit by Brady Tkachuk and loses puck.
17:15 of 1st period - Icing by Mark Giordano.
17:16 of 1st period - Brayden Point wins face-off versus Derek Ryan in ANAHEIM Ducks zone.
17:36 of 1st period - Icing by Mark Giordano.
17:37 of 1st period - Blake Lizotte wins face-off versus Brayden Point in ANAHEIM Ducks zone.
18:02 of 1st period - Blake Lizotte is hit by Chandler Stephenson and loses puck.
18:11 of 1st period - Shot by Elias Lindholm.
18:11 of 1st period - Stopped by Alexandar Georgiev without a rebound.
18:12 of 1st period - Nic Dowd wins face-off versus Nazem Kadri in CAROLINA Hurricanes zone.
18:31 of 1st period - Shot by Nazem Kadri.
18:31 of 1st period - Goal by Nazem Kadri - CAROLINA Hurricanes : 1 - ANAHEIM Ducks : 0.
18:32 of 1st period - Mika Zibanejad wins face-off versus Elias Lindholm in neutral zone.
19:17 of 1st period - Elias Pettersson is hit by MacKenzie Weegar and loses puck.
19:27 of 1st period - Chandler Stephenson is hit by Devon Toews and loses puck.
Goals for this period are 1 for CAROLINA Hurricanes vs 0 for ANAHEIM Ducks.
Shots for this period are 8 for CAROLINA Hurricanes vs 5 for ANAHEIM Ducks.

2nd period


0:01 of 2nd period - Brayden Point wins face-off versus William Nylander in neutral zone.
0:27 of 2nd period - Icing by Elias Pettersson.
0:28 of 2nd period - Chandler Stephenson wins face-off versus Mika Zibanejad in CAROLINA Hurricanes zone.
0:39 of 2nd period - Brett Pesce is hit by Mika Zibanejad and loses puck.
1:27 of 2nd period - Shot by Seth Jones.
1:27 of 2nd period - Shot Misses the Net.
1:29 of 2nd period - Shot by David Kampf.
1:29 of 2nd period - Deflect By Brayden Point.
1:29 of 2nd period - Stopped by Alexandar Georgiev without a rebound.
1:30 of 2nd period - Jeff Carter wins face-off versus Nazem Kadri in CAROLINA Hurricanes zone.
2:55 of 2nd period - Shot by David Kampf.
2:55 of 2nd period - Shot Blocked by Niko Mikkola.
2:57 of 2nd period - Shot by Justin Holl.
2:57 of 2nd period - Shot Misses the Net.
3:13 of 2nd period - Icing by Chandler Stephenson.
3:14 of 2nd period - Mika Zibanejad wins face-off versus Chandler Stephenson in ANAHEIM Ducks zone.
3:14 of 2nd period - William Nylander is hit by MacKenzie Weegar.
3:22 of 2nd period - Shot by William Nylander.
3:22 of 2nd period - Shot Hit the Post.
3:55 of 2nd period - Minor Penalty to Brett Pesce for Interference.
3:56 of 2nd period - Nic Dowd wins face-off versus Elias Pettersson in ANAHEIM Ducks zone.
3:56 of 2nd period - Nathan MacKinnon is hit by David Perron.
5:23 of 2nd period - Icing by Mika Zibanejad.
5:24 of 2nd period - Chandler Stephenson wins face-off versus Mika Zibanejad in CAROLINA Hurricanes zone.
5:43 of 2nd period - Shot by Adam Fox.
5:43 of 2nd period - Stopped by Philipp Grubauer without a rebound.
5:44 of 2nd period - Chandler Stephenson wins face-off versus Nazem Kadri in ANAHEIM Ducks zone.
6:04 of 2nd period - Shot by Nick Paul.
6:04 of 2nd period - Stopped by Alexandar Georgiev without a rebound.
6:05 of 2nd period - Blake Lizotte wins face-off versus Jeff Carter in CAROLINA Hurricanes zone.
6:35 of 2nd period - Shot by Joel Farabee.
6:35 of 2nd period - Stopped by Alexandar Georgiev without a rebound.
6:36 of 2nd period - Derek Ryan wins face-off versus Brayden Point in CAROLINA Hurricanes zone.
7:46 of 2nd period - Shot by Elias Lindholm.
7:46 of 2nd period - Shot Misses the Net.
7:56 of 2nd period - Shot by Elias Pettersson.
7:56 of 2nd period - Shot Misses the Net.
7:58 of 2nd period - Shot by Mika Zibanejad.
7:58 of 2nd period - Deflect By Elias Pettersson.
7:58 of 2nd period - Goal by Elias Pettersson - CAROLINA Hurricanes : 2 - ANAHEIM Ducks : 0.
7:59 of 2nd period - Blake Lizotte wins face-off versus Nic Dowd in neutral zone.
8:21 of 2nd period - Shot by David Perron.
8:21 of 2nd period - Stopped by Philipp Grubauer with a rebound.
8:23 of 2nd period - Shot by Rasmus Ristolainen.
8:23 of 2nd period - Shot Misses the Net.
8:29 of 2nd period - Shot by Filip Forsberg.
8:29 of 2nd period - Shot Misses the Net.
9:06 of 2nd period - Mark Giordano is hit by Elias Pettersson and loses puck.
10:13 of 2nd period - Shot by Elias Lindholm.
10:13 of 2nd period - Deflect By Nathan MacKinnon.
10:13 of 2nd period - Stopped by Alexandar Georgiev without a rebound.
10:14 of 2nd period - Derek Ryan wins face-off versus Jeff Carter in CAROLINA Hurricanes zone.
10:14 of 2nd period - Derek Ryan is hit by Jeff Carter.
10:40 of 2nd period - Rasmus Ristolainen is hit by MacKenzie Weegar and loses puck.
10:56 of 2nd period - Icing by Brett Pesce.
10:57 of 2nd period - Mika Zibanejad wins face-off versus Jeff Carter in ANAHEIM Ducks zone.
11:01 of 2nd period - Icing by MacKenzie Weegar.
11:02 of 2nd period - Jeff Carter wins face-off versus William Nylander in ANAHEIM Ducks zone.
11:31 of 2nd period - Shot by Mark Giordano.
11:31 of 2nd period - Shot Blocked by Brandon Montour.
11:33 of 2nd period - Shot by David Kampf.
11:33 of 2nd period - Stopped by Alexandar Georgiev without a rebound.
11:34 of 2nd period - Chandler Stephenson wins face-off versus Nazem Kadri in CAROLINA Hurricanes zone.
11:39 of 2nd period - Shot by Chandler Stephenson.
11:39 of 2nd period - Stopped by Alexandar Georgiev with a rebound.
11:49 of 2nd period - Shot by Chandler Stephenson.
11:49 of 2nd period - Shot Misses the Net.
11:51 of 2nd period - Shot by Nathan MacKinnon.
11:51 of 2nd period - Shot Misses the Net.
11:55 of 2nd period - Shot by Chandler Stephenson.
11:55 of 2nd period - Stopped by Alexandar Georgiev without a rebound.
11:56 of 2nd period - Blake Lizotte wins face-off versus Brayden Point in CAROLINA Hurricanes zone.
11:56 of 2nd period - Adam Fox is hit by David Kampf and loses puck.
12:04 of 2nd period - Icing by Brandon Montour.
12:05 of 2nd period - Filip Forsberg wins face-off versus Brayden Point in CAROLINA Hurricanes zone.
13:12 of 2nd period - MacKenzie Weegar is hit by Blake Lizotte and loses puck.
13:52 of 2nd period - Icing by Devon Toews.
13:53 of 2nd period - Mika Zibanejad wins face-off versus Jeff Carter in CAROLINA Hurricanes zone.
14:17 of 2nd period - William Nylander is hit by Ryan Lindgren and loses puck.
14:26 of 2nd period - Shot by Joel Farabee.
14:26 of 2nd period - Shot Misses the Net.
14:28 of 2nd period - Shot by Warren Foegele.
14:28 of 2nd period - Shot Misses the Net.
14:30 of 2nd period - Shot by Ryan Lindgren.
14:30 of 2nd period - Shot Misses the Net.
14:32 of 2nd period - Shot by Jeff Carter.
14:32 of 2nd period - Shot Misses the Net.
14:34 of 2nd period - Shot by Warren Foegele.
14:34 of 2nd period - Shot Misses the Net.
15:32 of 2nd period - Shot by Brady Tkachuk.
15:32 of 2nd period - Shot Misses the Net.
15:34 of 2nd period - Shot by Rasmus Ristolainen.
15:34 of 2nd period - Shot Misses the Net.
16:31 of 2nd period - Shot by Elias Lindholm.
16:31 of 2nd period - Stopped by Alexandar Georgiev without a rebound.
16:32 of 2nd period - Blake Lizotte wins face-off versus Nic Dowd in CAROLINA Hurricanes zone.
16:49 of 2nd period - Shot by Derick Brassard.
16:49 of 2nd period - Stopped by Alexandar Georgiev without a rebound.
16:50 of 2nd period - William Nylander wins face-off versus Jeff Carter in CAROLINA Hurricanes zone.
16:50 of 2nd period - William Nylander is hit by Jeff Carter.
17:52 of 2nd period - Icing by Devon Toews.
17:53 of 2nd period - Nazem Kadri wins face-off versus Brayden Point in CAROLINA Hurricanes zone.
18:33 of 2nd period - Shot by Brett Pesce.
18:33 of 2nd period - Shot Blocked by Kris Letang.
18:35 of 2nd period - Shot by MacKenzie Weegar.
18:35 of 2nd period - Stopped by Alexandar Georgiev with a rebound.
18:37 of 2nd period - Shot by Nick Paul.
18:37 of 2nd period - Stopped by Alexandar Georgiev with a rebound.
18:44 of 2nd period - Icing by Brady Tkachuk.
18:45 of 2nd period - Nazem Kadri wins face-off versus Chandler Stephenson in CAROLINA Hurricanes zone.
18:59 of 2nd period - Shot by Nathan MacKinnon.
18:59 of 2nd period - Shot Misses the Net.
19:19 of 2nd period - Mark Giordano is hit by Travis Konecny and loses puck.
Goals for this period are 1 for CAROLINA Hurricanes vs 0 for ANAHEIM Ducks.
Shots for this period are 3 for CAROLINA Hurricanes vs 11 for ANAHEIM Ducks.

3rd period


0:01 of 3rd period - Brayden Point wins face-off versus Mika Zibanejad in neutral zone.
0:08 of 3rd period - Adam Fox is hit by Brayden Point and loses puck.
0:29 of 3rd period - Shot by Mika Zibanejad.
0:29 of 3rd period - Shot Misses the Net.
0:31 of 3rd period - Shot by Elias Pettersson.
0:31 of 3rd period - Shot Blocked by Mark Giordano.
0:33 of 3rd period - Shot by Mika Zibanejad.
0:33 of 3rd period - Stopped by Philipp Grubauer without a rebound.
0:34 of 3rd period - Blake Lizotte wins face-off versus Chandler Stephenson in ANAHEIM Ducks zone.
0:36 of 3rd period - Minor Penalty to Brett Pesce for Tripping.
0:37 of 3rd period - Nic Dowd wins face-off versus David Perron in ANAHEIM Ducks zone.
0:46 of 3rd period - Shot by Devon Toews.
0:46 of 3rd period - Deflect By Elias Pettersson.
0:46 of 3rd period - Shot Misses the Net.
1:40 of 3rd period - Shot by William Nylander.
1:40 of 3rd period - Shot Blocked by Justin Holl.
1:42 of 3rd period - Shot by Adam Fox.
1:42 of 3rd period - Shot Misses the Net.
1:44 of 3rd period - Shot by Mika Zibanejad.
1:44 of 3rd period - Deflect By Brady Tkachuk.
1:44 of 3rd period - Goal by Brady Tkachuk - CAROLINA Hurricanes : 3 - ANAHEIM Ducks : 0.
1:44 of 3rd period - Brian Elliott enters game.
1:45 of 3rd period - Derek Ryan wins face-off versus Brayden Point in neutral zone.
2:12 of 3rd period - Shot by Brayden Point.
2:12 of 3rd period - Shot Blocked by Noah Cates.
2:20 of 3rd period - Shot by Brayden Point.
2:20 of 3rd period - Stopped by Alexandar Georgiev with a rebound.
3:30 of 3rd period - Shot by Devon Toews.
3:30 of 3rd period - Stopped by Brian Elliott without a rebound.
3:31 of 3rd period - Mika Zibanejad wins face-off versus Chandler Stephenson in ANAHEIM Ducks zone.
3:38 of 3rd period - Shot by William Nylander.
3:38 of 3rd period - Stopped by Brian Elliott without a rebound.
3:39 of 3rd period - Chandler Stephenson wins face-off versus Elias Pettersson in ANAHEIM Ducks zone.
3:39 of 3rd period - Nathan MacKinnon is hit by Elias Pettersson and loses puck.
4:17 of 3rd period - Off-side.
4:18 of 3rd period - David Perron wins face-off versus Jeff Carter in neutral zone.
5:07 of 3rd period - Minor Penalty to Nazem Kadri for Interference.
5:08 of 3rd period - Chandler Stephenson wins face-off versus Mika Zibanejad in CAROLINA Hurricanes zone.
5:11 of 3rd period - Shot by Brayden Point.
5:11 of 3rd period - Stopped by Alexandar Georgiev with a rebound.
5:13 of 3rd period - Shot by Chandler Stephenson.
5:13 of 3rd period - Shot Misses the Net.
5:15 of 3rd period - Shot by Elias Lindholm.
5:15 of 3rd period - Shot Misses the Net.
5:17 of 3rd period - Shot by Seth Jones.
5:17 of 3rd period - Shot Misses the Net.
5:35 of 3rd period - Shot by Seth Jones.
5:35 of 3rd period - Shot Misses the Net.
5:37 of 3rd period - Shot by Seth Jones.
5:37 of 3rd period - Stopped by Alexandar Georgiev without a rebound.
5:38 of 3rd period - Jeff Carter wins face-off versus Mika Zibanejad in CAROLINA Hurricanes zone.
6:00 of 3rd period - Shot by Mark Giordano.
6:00 of 3rd period - Shot Misses the Net.
6:47 of 3rd period - Icing by Seth Jones.
6:48 of 3rd period - Mika Zibanejad wins face-off versus Chandler Stephenson in ANAHEIM Ducks zone.
6:53 of 3rd period - Shot by Mika Zibanejad.
6:53 of 3rd period - Stopped by Brian Elliott without a rebound.
6:54 of 3rd period - Chandler Stephenson wins face-off versus Mika Zibanejad in ANAHEIM Ducks zone.
7:15 of 3rd period - Shot by David Perron.
7:15 of 3rd period - Deflect By Filip Forsberg.
7:15 of 3rd period - Shot Blocked by Justin Holl.
7:33 of 3rd period - Shot by David Perron.
7:33 of 3rd period - Shot Blocked by Justin Holl.
7:35 of 3rd period - Shot by David Perron.
7:35 of 3rd period - Shot Misses the Net.
8:19 of 3rd period - Shot by Noah Cates.
8:19 of 3rd period - Stopped by Brian Elliott without a rebound.
8:20 of 3rd period - Nic Dowd wins face-off versus Mika Zibanejad in ANAHEIM Ducks zone.
8:29 of 3rd period - Shot by William Nylander.
8:29 of 3rd period - Stopped by Brian Elliott without a rebound.
8:30 of 3rd period - Nazem Kadri wins face-off versus Chandler Stephenson in ANAHEIM Ducks zone.
8:47 of 3rd period - Shot by Nathan MacKinnon.
8:47 of 3rd period - Shot Misses the Net.
9:31 of 3rd period - Icing by Mark Giordano.
9:32 of 3rd period - Chandler Stephenson wins face-off versus Blake Lizotte in ANAHEIM Ducks zone.
9:48 of 3rd period - Shot by David Perron.
9:48 of 3rd period - Stopped by Brian Elliott without a rebound.
9:49 of 3rd period - Mika Zibanejad wins face-off versus Nick Paul in ANAHEIM Ducks zone.
9:49 of 3rd period - Elias Pettersson is hit by MacKenzie Weegar and loses puck.
9:56 of 3rd period - Shot by Nick Paul.
9:56 of 3rd period - Stopped by Alexandar Georgiev without a rebound.
9:57 of 3rd period - Mika Zibanejad wins face-off versus Brayden Point in CAROLINA Hurricanes zone.
10:16 of 3rd period - Shot by Mika Zibanejad.
10:16 of 3rd period - Deflect By William Nylander.
10:16 of 3rd period - Stopped by Brian Elliott without a rebound.
10:17 of 3rd period - Jeff Carter wins face-off versus Nazem Kadri in ANAHEIM Ducks zone.
10:26 of 3rd period - Devon Toews is hit by Joel Farabee and loses puck.
10:42 of 3rd period - Shot by Brady Tkachuk.
10:42 of 3rd period - Shot Misses the Net.
11:28 of 3rd period - Icing by Adam Fox.
11:29 of 3rd period - Chandler Stephenson wins face-off versus Mika Zibanejad in CAROLINA Hurricanes zone.
11:48 of 3rd period - Shot by Elias Lindholm.
11:48 of 3rd period - Shot Misses the Net.
11:50 of 3rd period - Shot by Nathan MacKinnon.
11:50 of 3rd period - Shot Misses the Net.
11:58 of 3rd period - Shot by Seth Jones.
11:58 of 3rd period - Stopped by Alexandar Georgiev without a rebound.
11:59 of 3rd period - David Perron wins face-off versus Nick Paul in CAROLINA Hurricanes zone.
12:01 of 3rd period - Icing by Rasmus Ristolainen.
12:02 of 3rd period - Brayden Point wins face-off versus Blake Lizotte in CAROLINA Hurricanes zone.
12:14 of 3rd period - Icing by Blake Lizotte.
12:15 of 3rd period - Blake Lizotte wins face-off versus Elias Lindholm in CAROLINA Hurricanes zone.
12:20 of 3rd period - Shot by Rasmus Ristolainen.
12:20 of 3rd period - Shot Misses the Net.
12:31 of 3rd period - Shot by Elias Lindholm.
12:31 of 3rd period - Shot Hit the Post.
13:31 of 3rd period - Shot by Elias Pettersson.
13:31 of 3rd period - Shot Misses the Net.
13:33 of 3rd period - Shot by Adam Fox.
13:33 of 3rd period - Deflect By Mika Zibanejad.
13:33 of 3rd period - Stopped by Brian Elliott with a rebound.
14:20 of 3rd period - Shot by Nazem Kadri.
14:20 of 3rd period - Stopped by Brian Elliott without a rebound.
14:21 of 3rd period - Derek Ryan wins face-off versus Nic Dowd in ANAHEIM Ducks zone.
14:26 of 3rd period - Shot by Noah Cates.
14:26 of 3rd period - Shot Misses the Net.
15:01 of 3rd period - Shot by Nic Dowd.
15:01 of 3rd period - Deflect By Patrick Maroon.
15:01 of 3rd period - Shot Misses the Net.
15:03 of 3rd period - Shot by Justin Holl.
15:03 of 3rd period - Stopped by Alexandar Georgiev without a rebound.
15:04 of 3rd period - Mika Zibanejad wins face-off versus Chandler Stephenson in CAROLINA Hurricanes zone.
15:43 of 3rd period - Shot by Mika Zibanejad.
15:43 of 3rd period - Shot Hit the Post.
15:47 of 3rd period - Shot by Elias Pettersson.
15:47 of 3rd period - Stopped by Brian Elliott without a rebound.
15:48 of 3rd period - Nazem Kadri wins face-off versus Brayden Point in ANAHEIM Ducks zone.
15:55 of 3rd period - Shot by Nazem Kadri.
15:55 of 3rd period - Shot Misses the Net.
15:57 of 3rd period - Shot by Travis Konecny.
15:57 of 3rd period - Stopped by Brian Elliott without a rebound.
15:58 of 3rd period - Warren Foegele wins face-off versus David Perron in ANAHEIM Ducks zone.
16:32 of 3rd period - Icing by Devon Toews.
16:33 of 3rd period - Blake Lizotte wins face-off versus Chandler Stephenson in CAROLINA Hurricanes zone.
16:33 of 3rd period - Blake Lizotte is hit by Nathan MacKinnon.
16:39 of 3rd period - Shot by Blake Lizotte.
16:39 of 3rd period - Shot Misses the Net.
16:41 of 3rd period - Shot by Blake Lizotte.
16:41 of 3rd period - Stopped by Brian Elliott without a rebound.
16:42 of 3rd period - Mika Zibanejad wins face-off versus Brayden Point in ANAHEIM Ducks zone.
16:49 of 3rd period - Nick Paul is hit by Elias Pettersson and loses puck.
17:46 of 3rd period - Off-side.
17:47 of 3rd period - Nazem Kadri wins face-off versus Nic Dowd in neutral zone.
18:04 of 3rd period - Shot by Brady Tkachuk.
18:04 of 3rd period - Shot Misses the Net.
18:16 of 3rd period - Shot by Derick Brassard.
18:16 of 3rd period - Shot Misses the Net.
19:07 of 3rd period - Blake Lizotte is hit by Justin Holl.
Goals for this period are 1 for CAROLINA Hurricanes vs 0 for ANAHEIM Ducks.
Shots for this period are 14 for CAROLINA Hurricanes vs 6 for ANAHEIM Ducks. Output by the SimonT Hockey Simulator (STHS) for Martin Benoit - Original Page W3C HTML5 Valid
Hockey Simulator - Hockey Simulation - Hockey Manager